Map: Jagannatha LE

Players

Serral - Winner!

  • Race: Zerg Zerg
  • League: Master

MaxPax

  • Race: Protoss Protoss
  • League: Grandmaster

Event: DreamHack SC2 Masters 2021 Summer

VOD

Have the link to the VOD?

Description

Time

  • Played on: June 1, 2021, 10:43 a.m.
  • Length: 8:36

All games in this series

Show
View Real Time Build Order
Export as new Build Order

Serral Zerg - Winner!

Build Orders: Hatch First 

Get SALT Encoding   

  12  0:00  Drone  
  13  0:12  Overlord  
  13  0:16  Drone  
  14  0:30  Drone x2  
  16  0:48  Hatchery  
  15  0:52  Drone  
  15  0:55  Drone  
  17  0:58  Drone  
  18  1:09  Extractor  
  17  1:14  Spawning Pool  
  17  1:17  Drone  
  17  1:20  Drone  
  18  1:27  Drone  
  19  1:42  Drone  
  20  1:54  Drone  
  21  2:04  Spine Crawler, Queen  
  21  2:05  Spine Crawler, Zergling x2  
  21  2:07  Zergling x2  
  22  2:18  Zergling x4  
  22  2:21  Zergling x2  
  23  2:26  Zergling x2  
  23  2:33  Zergling x4  
  24  2:44  Zergling x4  
  25  3:00  Queen  
  27  3:06  Overlord  
  27  3:15  Drone  
  28  3:24  Queen  
  28  3:27  Drone x5  
  35  3:39  Drone  
  36  3:42  Overlord  
  35  3:56  Drone  
  35  3:57  Drone  
  35  4:02  Drone x2  
  37  4:05  Queen x2  
  40  4:10  Zergling x4  
  40  4:13  Overlord  
  40  4:15  Overlord  
  41  4:18  Drone  
  41  4:21  Overlord  
  42  4:32  Drone x2  
  42  4:34  Spore Crawler  
  43  4:39  Drone x3  
  43  4:43  Metabolic Boost  
  46  4:46  Drone x2  
  46  4:47  Drone  
  48  5:00  Hatchery  
  48  5:05  Drone x3  
  50  5:18  Queen x2  
  50  5:19  Drone  
  55  5:21  Drone  
  55  5:22  Drone x2  
  55  5:26  Spore Crawler  
  57  5:29  Overlord  
  57  5:30  Zergling x2  
  57  5:32  Drone  
  59  5:36  Drone x2  
  59  5:37  Drone  
  59  5:40  Extractor, Overlord  
  61  5:44  Overlord  
  61  5:51  Drone x3  
  61  5:55  Drone  
  61  5:56  Drone  
  66  5:59  Lair  
  66  6:03  Drone  
  66  6:04  Overlord  
  66  6:08  Drone x3  
  69  6:13  Overlord  
  69  6:15  Queen  
  69  6:16  Drone  
  72  6:23  Drone, Roach Warren  
  72  6:24  Drone  
  70  6:26  Drone  
  70  6:29  Drone x2  
  73  6:35  Extractor  
  73  6:37  Extractor, Queen, Spore Crawler  
  72  6:43  Drone x2  
  72  6:45  Zergling x6  
  77  6:47  Overlord  
  77  6:55  Queen  
  77  6:58  Overlord  
  79  7:01  Queen  
  79  7:02  Roach x3  
  87  7:12  Roach x2  
  87  7:13  Roach  
  87  7:15  Queen  
  93  7:17  Nydus Network  
  93  7:22  Roach x3  
  100  7:28  Overlord  
  101  7:30  Drone x3, Extractor  
  101  7:33  Queen  
  104  7:42  Zergling x4  
  104  7:43  Zergling x2  
  105  7:48  Queen  
  105  7:51  Queen  
  107  7:53  Nydus Canal  
  107  7:55  Zergling x10  
  107  7:58  Ravager x5  
  119  7:59  Ravager  
  119  8:00  Ravager  
  119  8:05  Zergling x8  
  125  8:13  Zergling x2  
  125  8:14  Zergling x6  
Show
View Real Time Build Order
Export as new Build Order

MaxPax Protoss 

Build Orders:  

Get SALT Encoding   

  12  0:00  Probe  
  13  0:12  Probe  
  14  0:20  Pylon  
  14  0:24  Probe  
  15  0:38  Probe (Chrono Boost)  
  15  0:40  Gateway  
  16  0:49  Probe (Chrono Boost)  
  17  0:54  Probe (Chrono Boost)  
  17  0:56  Forge  
  18  1:07  Probe  
  18  1:08  Assimilator  
  19  1:26  Pylon  
  19  1:30  Pylon  
  19  1:38  Pylon  
  19  1:39  Cybernetics Core  
  20  1:44  Photon Cannon  
  19  1:54  Pylon  
  20  2:00  Photon Cannon  
  19  2:02  Zealot (Chrono Boost)  
  21  2:08  Photon Cannon  
  21  2:19  Photon Cannon  
  21  2:22  Photon Cannon  
  20  2:32  Photon Cannon  
  20  2:39  Pylon  
  20  2:49  Adept (Chrono Boost)  
  19  2:53  Probe  
  22  3:05  Probe  
  23  3:15  Pylon  
  23  3:17  Probe  
  23  3:18  Adept (Chrono Boost)  
  26  3:28  Stargate  
  26  3:31  Photon Cannon  
  24  3:49  Shield Battery  
  24  3:54  Probe  
  25  4:02  Shield Battery  
  24  4:06  Probe  
  25  4:10  Oracle (Chrono Boost)  
  28  4:28  Nexus  
  27  4:31  Probe  
  27  4:36  Assimilator  
  28  4:52  Probe, Pylon  
  28  4:53  Void Ray (Chrono Boost)  
  32  5:04  Probe  
  33  5:16  Probe  
  34  5:28  Probe, Warp Gate  
  35  5:40  Probe x2 (Chrono Boost)  
  37  5:50  Stargate  
  37  5:51  Assimilator  
  37  5:53  Probe (Chrono Boost)  
  39  5:58  Probe (Chrono Boost)  
  39  6:01  Probe (Chrono Boost)  
  40  6:05  Probe (Chrono Boost), Phoenix (Chrono Boost)  
  40  6:07  Probe  
  42  6:16  Probe  
  43  6:19  Probe  
  44  6:27  Phoenix (Chrono Boost)  
  44  6:28  Probe  
  44  6:31  Probe  
  48  6:36  Pylon  
  48  6:41  Probe  
  48  6:42  Assimilator  
  48  6:43  Probe, Pylon  
  52  6:50  Phoenix (Chrono Boost)  
  52  6:51  Pylon  
  52  6:53  Probe  
  53  6:55  Probe  
  53  6:59  Phoenix (Chrono Boost)  
  56  7:02  Gateway  
  56  7:05  Probe  
  56  7:07  Probe  
  58  7:11  Phoenix (Chrono Boost)  
  60  7:16  Adept  
  62  7:24  Pylon  
  62  7:32  Pylon  
  62  7:41  Nexus  
  62  7:42  Probe x2  
  62  7:43  Phoenix (Chrono Boost)  
  68  7:49  Phoenix (Chrono Boost)  
  68  7:54  Probe x2  
  70  7:59  Phoenix (Chrono Boost)  
  70  8:00  Pylon  
  70  8:02  Shield Battery  
  74  8:18  Shield Battery  
  70  8:20  Shield Battery x2  
Tags
 
Add a new tag
Caveats
  • Supply blocks, unpowered buildings, or Contaminate may cause inaccurate times.
  • Supply counts are checked every 10 seconds.